 Dungeon Sprint DCSS version 0.27-a0-78-g75406f0b48 (webtiles) character file.

Game seed: 8923300513158264019

70 mhtbhm the Digger (level 4, -5/24 HPs)
             Began as a Deep Elf Earth Elementalist on Jan 14, 2021.
             Slain by a water elemental (7 damage)
             ... in the Dungeon (Sprint III: "The Ten Rune Challenge").
             The game lasted 00:00:58 (394 turns).

mhtbhm the Digger (Deep Elf Earth Elementalist)      Turns: 394, Time: 00:00:58

Health: -5/24      AC:  2    Str:  5    XL:     4   Next: 3%
Magic:  8/14       EV: 14    Int: 21    God:
Gold:   36         SH:  0    Dex: 17    Spells: 9/15 levels left

rFire    + . .     SeeInvis .   (no weapon)
rCold    . . .     Faith    .   (no shield)
rNeg     . . .     Spirit   .   c - +0 robe
rPois    .         Reflect  .   (no helmet)
rElec    .         Harm     .   (no cloak)
rCorr    .         Rampage  .   (no gloves)
Will     .....     NoTele   +   (no boots)
Stlth    +++.......             (no amulet)
HPRegen  0.08/turn              (no ring)
MPRegen  0.14/turn              (no ring)

@: no status effects
A: agile 1, fire resistance 1, sturdy frame 1
a: no special abilities


You were in the Dungeon.
You visited 1 branch You collected 36 gold pieces.

Inventory:

Missiles
 b - 14 stones
Armour
 c - a +0 robe (worn)
Scrolls
 a - 4 scrolls of identify {unknown}
 i - a scroll of blinking
 j - a scroll of torment {unknown}
 l - a scroll of immolation {unknown}
 m - a scroll of remove curse {unknown}
Potions
 d - a potion of curing
 e - a potion of heal wounds
 f - a potion of haste
 g - 2 potions of magic
 h - a potion of berserk rage
 k - a potion of might {unknown}
 n - a potion of flight {unknown}
 o - 4 potions of mutation


   Skills:
 + Level 3.8 Dodging
 + Level 3.7 Stealth
 + Level 6.4 Spellcasting
 + Level 1.2 Transmutations
 + Level 6.9 Earth Magic


You had 9 spell levels left.
You knew the following spells:

 Your Spells              Type           Power        Failure   Level
a - Sandblast             Erth           70%          1%          1
b - Passwall              Tmut/Erth      19%          2%          2
c - Stone Arrow           Conj/Erth      42%          7%          3

Your spell library contained the following spells:

 Spells                   Type           Power        Failure   Level
 Lee's Rapid Deconstruct  Erth           17%          16%         5
 Petrify                  Tmut/Erth      23%          17%         4


Dungeon Overview and Level Annotations

Branches:
Dungeon (1/1)

Altars:


Innate Abilities, Weirdness & Mutations

You are agile. (Dex +2)
Your flesh is heat resistant. (rF+)
Your movements are slightly less encumbered by armour. (ER -2)


Message History

Casting: Sandblast (safe; 1% risk of failure)
Confirm with . or Enter, or press ? or * to list all spells.
Okay, then.
Casting: Sandblast (safe; 1% risk of failure)
Confirm with . or Enter, or press ? or * to list all spells.
Aiming: Sandblast (safe; 1% risk of failure)
Press: ? - help, Shift-Dir - straight line, f/p - water elemental
Aim: a water elemental (heavily damaged, 11% to evade)
The blast of sand hits the water elemental.
The water elemental is heavily damaged.
The water elemental closely misses you.
Unknown command.
Casting: Sandblast (safe; 1% risk of failure)
Confirm with . or Enter, or press ? or * to list all spells.
Aiming: Sandblast (safe; 1% risk of failure)
Press: ? - help, Shift-Dir - straight line, f/p - water elemental
Aim: a water elemental (heavily damaged, 11% to evade)
The blast of sand misses the water elemental.
The water elemental hits you!
You die...

▓▓▓▓▓▓▓▓▓▓▓▓▓ ▓▓▓
▓<.#..'.....♣ ♣.#
▓..#..#....♣.♣ ♣♣.#
▓#'####....♣♣ ♣..#
▓...†.#....≈♣♣♣♣..# #+#+#
▓.....#...≈≈....♣.#......
▓.....#..≈≈≈≈♣..♣.'.⌠....
▓####'#..≈≈≈≈≈≈♣..#...###
▓.....#.≈≈≈≈≈≈.@E.# ⌠.#
▓.....#.≈≈≈≈≈.....# .#
▓.....#.≈≈≈.......# #
▓'#####...........#
▓.....†...........#
▓▓▓▓▓▓▓▓▓▓▓▓▓▓▓▓▓▓▓


You could see a water elemental.

Vanquished Creatures
  A scorpion (D)
  A human (D)
  4 rats (D)
6 creatures vanquished.

Notes
Turn   | Place    | Note
-------+----------+-------------------------------------------
     0 | D        | mhtbhm the Deep Elf Earth Elementalist began the quest for
                  | the Orb.
     0 | D        | Reached XP level 1. HP: 10/10 MP: 6/6
   182 | D        | Reached skill level 5 in Spellcasting
   182 | D        | Reached skill level 5 in Earth Magic
   182 | D        | Reached XP level 2. HP: 15/15 MP: 5/10
   185 | D        | Learned a level 2 spell: Passwall
   271 | D        | Noticed a scorpion
   279 | D        | Killed a scorpion
   280 | D        | Reached XP level 3. HP: 13/19 MP: 6/12
   280 | D        | Reached XP level 4. HP: 16/24 MP: 7/14
   345 | D        | Gained mutation: Your flesh is heat resistant. (rF+)
                  | [potion of mutation]
   345 | D        | Gained mutation: You are agile. (Dex +2) [potion of
                  | mutation]
   345 | D        | Gained mutation: Your movements are slightly less
                  | encumbered by armour. (ER -2) [potion of mutation]
   386 | D        | Learned a level 3 spell: Stone Arrow
   387 | D        | Noticed a water elemental
   394 | D        | Slain by a water elemental

Illustrated notes

Levels and vault maps discovered:
D:        dungeon_sprint_mu [sprint_mu_entry_forest, sprint_mu_temple_rooms,
          sprint_mu_d1_spiders, sprint_mu_d2_genie, sprint_mu_d3_branching,
          sprint_mu_orc_legion, sprint_mu_elf_gauntlet, sprint_mu_hive_nellie,
          sprint_mu_lair_fedhas, sprint_mu_vaults_butterflies,
          sprint_mu_slime_circle, sprint_mu_swamp_cave, sprint_mu_shoals_kraken,
          sprint_mu_blade_basic, sprint_mu_crypt_lich, sprint_mu_tomb_spiral,
          sprint_mu_vestibule_basic, sprint_mu_gehenna_hellfire,
          sprint_mu_dis_giant, sprint_mu_tartarus_statrot,
          sprint_mu_cocytus_islands, sprint_mu_zot1]

Skill      XL: |  1  2 |
---------------+-------+-----
Spellcasting   | 5 6 |  6.4
Dodging        | 3 |  3.8
Stealth        | 3 |  3.7
Earth Magic    | 5 6 |  6.9
Transmutations | |  1.2

Action                   |  1- 3 |  4- 6 || total
-------------------------+-------+-------++-------
 Cast: Sandblast         |    12 |     4 ||    16
       Stone Arrow       |       |     1 ||     1
  Use: Potion            |       |     1 ||     1
Dodge: Dodged            |     2 |     1 ||     3

Table legend: (Time is in decaauts)
 A = Elapsed time spent in this place.
 B = Non-inter-level travel time spent in this place.
 C = Inter-level travel time spent in this place.
 D = Time resting spent in this place.
 E = Time spent auto-exploring this place.
 F = Levels seen in this place.
 G = Mean time per level.
                   A        B        C        D        E       F      G
               +--------+--------+--------+--------+--------+-----+--------+
         Total |    396 |    396 |      0 |    283 |      1 |   1 |  396.0 |
       Dungeon |    396 |    396 |      0 |    283 |      1 |   1 |  396.0 |
               +--------+--------+--------+--------+--------+-----+--------+

Top non-repeatable levels by time:
       D: 396 daAuts
